 Dungeon Crawl Stone Soup version 0.21-a0-221-gfe971b9 (webtiles) character file.

91 tehllama the Insei (level 4, -2/28 HPs)
             Began as an Octopode Transmuter on Aug 26, 2017.
             Killed by miscasting Spider Form (7 damage)
             ... on level 2 of the Dungeon.
             The game lasted 00:01:39 (1632 turns).

tehllama the Insei (Octopode Transmuter)            Turns: 1632, Time: 00:01:40

Health: -2/28      AC:  1    Str: 10    XL:     4   Next: 57%
Magic:  0/7        EV: 13    Int: 15    God:
Gold:   47         SH:  0    Dex: 12    Spells: 1/7 levels left

rFire    . . .     SeeInvis .     - Unarmed
rCold    . . .     Gourm    .   (no shield)
rNeg     . . .     Faith    .   (helmet restricted)
rPois    .         Spirit   .   (no amulet)
rElec    .         Reflect  .   l - ring of loudness (curse)
rCorr    .         Harm     .   (no ring)
MR       .....                  (no ring)
Stlth    ++........             (no ring)
HPRegen  0.09/turn              (no ring)
MPRegen  0.10/turn              (no ring)
                                (no ring)
                                (no ring)

@: very slightly contaminated
A: almost no armour, stealthy swim, amphibious, 8 rings, constrict 8, camouflage
1, gelatinous body 1
a: no special abilities


You were on level 2 of the Dungeon.
You were hungry.

You visited 1 branch of the dungeon, and saw 2 of its levels.

You collected 47 gold pieces.

Inventory:

Missiles
 a - 12 arrows
Jewellery
 l - a cursed ring of loudness (left tentacle)
Scrolls
 d - a scroll of teleportation {unknown}
 f - a scroll of enchant weapon {unknown}
 i - 2 scrolls of enchant armour {unknown}
 j - a scroll of immolation {unknown}
 m - a scroll of recharging {unknown}
 n - a scroll of noise {unknown}
 o - 2 scrolls of identify {unknown}
 p - a scroll of blinking {unknown}
 r - a scroll of fog {unknown}
Potions
 e - 2 potions of heal wounds {unknown}
 h - a potion of curing {unknown}
 k - a potion of magic {unknown}
Books
 b - a book of Changes

   Spells                             Type                      Level
   a - Beastly Appendage              Transmutation                1
   b - Sticks to Snakes               Transmutation                2
   c - Spider Form                    Transmutation/Poison         3
   d - Ice Form                       Ice/Transmutation            4
   e - Blade Hands                    Transmutation                5
Comestibles
 c - a bread ration
 g - 2 meat rations
 q - a royal jelly
 s - a chunk of flesh


   Skills:
 - Level 1.0 Fighting
 - Level 2.0 Dodging
 + Level 2.8 Stealth
 + Level 4.6 Unarmed Combat
 - Level 2.0 Spellcasting
 - Level 2.0 Transmutations


You had one spell level left.
You knew the following spells:

 Your Spells              Type           Power        Failure   Level  Hunger
a - Beastly Appendage     Tmut           #.....       10%         1    #......
b - Sticks to Snakes      Tmut           #.......     14%         2    ###....
c - Spider Form           Tmut/Pois      #.........   41%         3    ###....


Dungeon Overview and Level Annotations

Branches:
Dungeon (2/15)

Altars:


Innate Abilities, Weirdness & Mutations

You cannot wear most types of armour.
You are very stealthy in the water. (Stealth+)
You are amphibious.
You can wear up to eight rings at the same time.
You can use your tentacles to constrict eight enemies at once.
Your skin changes colour to match your surroundings (Stealth+).
Your rubbery body absorbs attacks. (AC +1, EV +1)


Message History

A gnoll comes into view. It is wielding a spear of flaming.
You barely miss the gnoll.
The gnoll is heavily wounded.
The gnoll closely misses you.
You bite the gnoll!
You kill the gnoll!
Your transformation has ended.
You see here a club.
A frilled lizard comes into view.
Casting: Spider Form
Confirm with . or Enter, or press ? or * to list all spells.
You miscast Spider Form.
You are very lightly contaminated with residual magic.
Your skin tingles.
You are feeling hungry.
Casting: Spider Form
Confirm with . or Enter, or press ? or * to list all spells.
You miscast Spider Form.
Your body is twisted painfully.
You die...

#.# #.#. #.##.....
#.#.#..# #.##.#...
#.#.#..###.#.#.#.†
#)#.........###...
#.###..###.#.#.###
#..........##.##
#g###..######.####
#.#...............
#@#.#....#########
#.#.####.# #.# .#
#.# .# #.# . #l#
#.. #..


You could see a gnoll and a frilled lizard (sleeping).

Vanquished Creatures
  3 gnolls (D:2)
  2 adders
  A worm (D:2)
  4 dart slugs
  7 bats
  3 giant cockroaches (D:1)
  4 goblins
  3 hobgoblins
  A frilled lizard (D:1)
  3 kobolds
  4 rats (D:1)
35 creatures vanquished.

Notes
Turn   | Place    | Note
-------+----------+-------------------------------------------
     0 | D:1      | tehllama the Octopode Transmuter began the quest for the Orb.
     0 | D:1      | Reached XP level 1. HP: 13/13 MP: 3/3
    52 | D:1      | Reached XP level 2. HP: 2/18 MP: 5/5
   512 | D:1      | Reached skill level 4 in Unarmed Combat
   512 | D:1      | Reached XP level 3. HP: 18/23 MP: 6/6
   978 | D:1      | Reached skill level 1 in Stealth
  1514 | D:2      | Reached XP level 4. HP: 25/28 MP: 7/7
  1571 | D:2      | Learned a level 2 spell: Sticks to Snakes
  1575 | D:2      | Learned a level 3 spell: Spider Form
  1632 | D:2      | Killed by miscasting Spider Form

Vault maps used:
D:1:      matt_arrival_los_fun, minmay_misc_feat_rows, grunt_decor_resistance

Skill      XL: |  1  2  3 |
---------------+----------+-----
Unarmed Combat | 4 |  4.6
Stealth        | 2 |  2.8
Fighting       | |  1.0
Dodging        | |  2.0
Spellcasting   | |  2.0
Transmutations | |  2.0

Action                   |  1- 3 |  4- 6 || total
-------------------------+-------+-------++-------
Melee: Unarmed           |    63 |    15 ||    78
       Constrict         |    20 |     2 ||    22
       Tentacles         |    17 |     1 ||    18
       Punch             |     2 |     1 ||     3
 Cast: Spider Form       |       |     2 ||     2
 Stab: Sleeping          |     3 |       ||     3
  Eat: Chunk             |     2 |       ||     2
Armor: Skin              |    11 |       ||    11
Dodge: Dodged            |    49 |    16 ||    65

Table legend:
 A = Spawn XP
 B = Non-spawn XP
 C = Spawn XP percentage of total XP
 D = Spawn monster count
 E = Non-spawn monster count
 F = Spawn count percentage of total count
 G = Total turns spent on level
                    A         B        C        D         E        F      G
               +---------+---------+-------+---------+---------+-------+---------
         Total |      20 |     110 |  15.4 |       5 |      30 |  14.3 |  1632
               +---------+---------+-------+---------+---------+-------+---------
           D:1 |      19 |      36 |  34.5 |       4 |      19 |  17.4 |  1200
           D:2 |       1 |      74 |   1.3 |       1 |      11 |   8.3 |   432
               +---------+---------+-------+---------+---------+-------+---------
